 Dungeon Crawl Stone Soup version 0.30-a0-135-g630cfc4551 (webtiles) character file.

Game seed: 11569716179196300988

69 ytrimaz the Chopper (level 4, 35/35 HPs)
             Began as a Demonspawn Gladiator on Sept 20, 2022.
             Quit the game on level 2 of the Dungeon.
             The game lasted 00:03:50 (1315 turns).

ytrimaz the Chopper (Demonspawn Gladiator)          Turns: 1315, Time: 00:03:50

Health: 35/35      AC:  7    Str: 16    XL:     4   Next: 2%
Magic:  1/4        EV: 11    Int: 10    God:
Gold:   35         SH:  0    Dex: 16    Spells: 3/3 levels left

rFire   . . .      SeeInvis .    a - +0 war axe
rCold   . . .      Faith    .    (no shield)
rNeg    + . .      Spirit   .    m - +0 ring mail
rPois   +          Reflect  .    c - +0 helmet
rElec   .          Harm     .    (no cloak)
rCorr   .          Rampage  .    p - +0 pair of gloves {infuse}
Will    .....                    (no boots)
Stlth   ++........               (no amulet)
HPRegen 0.11/turn                f - ring of poison resistance
MPRegen 0.09/turn                q - ring of positive energy

@: no status effects
A: thin skeletal structure 1, demonic guardian 1, demonic touch 1
a: no special abilities


You were on level 2 of the Dungeon.
You visited 1 branch of the dungeon, and saw 2 of its levels.

You collected 35 gold pieces.


Innate Abilities, Weirdness & Mutations

You have a somewhat thin skeletal structure. (Dex +2, Stealth+)
A weak demonic guardian rushes to your aid.
Your touch may inflict minor irresistible damage on your foes.


   Skills:
 + Level 3.3 Fighting
 + Level 3.6 Axes
 - Level 1.7 Throwing
 - Level 2.6 Dodging


You had 3 spell levels left.
You didn't know any spells.
Your spell library contained the following spells:

 Spells                   Type           Power      Damage    Failure   Level
 Apportation              Tloc           0%         N/A       58%         1
 Necrotise                Necr           0%         1d4       58%         1
 Summon Small Mammal      Summ           0%         N/A       58%         1

Inventory:

Hand Weapons
 a - a +0 war axe (weapon)
Missiles
 d - 3 throwing nets
 e - a javelin
 i - 6 curare-tipped darts (quivered)
Armour
 c - a +0 helmet (worn)
 m - a +0 ring mail (worn)
   (You found it on level 1 of the Dungeon)
 p - a +0 pair of gloves of infusion (worn)
   (You found it on level 1 of the Dungeon)
Jewellery
 f - a ring of poison resistance (left hand)
   (You found it on level 1 of the Dungeon)
 q - a ring of positive energy (right hand)
   (You found it on level 1 of the Dungeon)
Scrolls
 k - a scroll of noise
 l - a scroll of amnesia
 n - a scroll of fear
 r - 2 scrolls of identify
 s - a scroll of blinking {unknown}
 u - a scroll of butterflies
Potions
 b - a potion of attraction {unknown}
 g - 2 potions of curing
 h - a potion of heal wounds {unknown}
 j - a potion of mutation {unknown}
 o - a potion of brilliance {unknown}
 t - a potion of lignification {unknown}

Dungeon Overview and Level Annotations

Branches:
Dungeon (2/15) Zot: 10648

Altars:

......# ..#.(...#
####... ####### #..#....
#### #..#...# # #..#...#
# #..#.<.# # #..#...#
######..#...############
......................[.
#.....@..)#############
#...>.....# #.........#
#.........# #.........#
#......?..# #.........#
#.........#


There were no monsters in sight!


Message History

You take 2 damage, and now have 27/29 hp.
Found a stone staircase leading down.
The kobold hits you but does no damage.
You barely miss the kobold.
You touch the kobold.
You kill the kobold! 😕 HP[+1]
Things that are here:
a +0 short sword; 5 stones A dart slug comes into view.
A dart slug is nearby!
A dart slug is nearby!
The dart slug launches a dart at you. The slug dart hits you. 😕 HP[-2]
You take 2 damage, and now have 26/29 hp.
You slash the dart slug!
You kill the dart slug! 😕 HP[+1] MP[-1]
You lost 1 mp, and now have 2/3 mp.
You see here a dart slug corpse.
An endoplasm comes into view.
An endoplasm is nearby!
An endoplasm is nearby!
An adder comes into view.
The adder hisses angrily.
A rat comes into view.
You slash the endoplasm!
You kill the endoplasm! 😕 MP[-1]
You lost 1 mp, and now have 1/3 mp.
The adder bites you. The adder closely misses you. 😕 HP[-2]
You take 2 damage, and now have 25/29 hp.
Unknown command.
The adder misses you.
Unknown command.
You completely miss the adder. Your touch misses the adder.
You closely miss the rat. The adder bites you.
The rat bites you but does no damage. The adder bites you.
A demonic guardian appears!
The rat bites you but does no damage. 😕 HP[-3]
You take 3 damage, and now have 22/29 hp.
Unknown command.
You barely miss the adder. You slash the rat!
You kill the rat!
The adder bites you but does no damage. x2 😕 HP[+1]
You miss the adder. The adder closely misses you.
Your shadow imp barely misses the adder.
Unknown command.
You barely miss the adder.
You touch the adder!
The adder misses you.
Your shadow imp hits the adder.
The adder dies!
Unknown command.
You see here an adder corpse.
Your shadow imp disappears in a puff of smoke!
Key pressed, stopping explore.
r - 2 scrolls of identify (gained 1)
You now have 27 gold pieces (gained 11).
s - a scroll labelled TAXYRU VUOL 😎 HP[+6] MP[+2]
Your hp is fully restored (29).
Your mp is fully restored (3).
Things that are here:
a +0 short sword; 5 stones You now have 35 gold pieces (gained 8).
Key pressed, stopping explore.
Key pressed, stopping explore.
t - a ruby potion You see here 5 stones.
u - a scroll of butterflies You see here a +0 chain mail.
A goblin comes into view. It is wielding a +0 dagger.
Found 2 poisoned darts.
Found a stone staircase leading down and a stone staircase leading up.
The goblin shouts!
A goblin is nearby!
A goblin is nearby!
A goblin is nearby!
You barely miss the goblin. The goblin hits you but does no damage.
A dart slug comes into view.
You closely miss the goblin.
You touch the goblin.
You kill the goblin!
A dart slug is nearby!
You see here a +0 dagger.
A dart slug is nearby!
The dart slug launches a dart at you. The slug dart misses you.
The dart slug bites you but does no damage.
You slash the dart slug!
The dart slug bites you but does no damage. 😎 MP[-1]
You lost 1 mp, and now have 2/3 mp.
You slash the dart slug!
You kill the dart slug!
You have reached level 4!
You feel clever.
Your demonic ancestry asserts itself...
Your bones become slightly less dense. 😎 HP[+6] MP[-1]
You now have 35 max hp (+6).
Your hp is fully restored (35).
Are you sure you want to abandon this character and quit the game? (Confirm with "yes".)

Skill      XL: |  1  2  3 |
---------------+----------+-----
Axes           | 3 |  3.6
Fighting       | 3 |  3.3
Throwing       | |  1.7
Dodging        | |  2.6

Action                   |  1- 3 |  4- 6 || total
-------------------------+-------+-------++-------
Melee: War axe           |    72 |       ||    72
       Touch             |     6 |       ||     6
  Use: Scroll            |     6 |       ||     6
 Stab: Sleeping          |     1 |       ||     1
Armor: Leather armour    |    15 |       ||    15
       Ring mail         |    28 |       ||    28
Dodge: Dodged            |    58 |       ||    58

Levels and vault maps discovered:
D:1:      lightli_arrival_noodles, layout_loops_cross,
          chequers_ecumenical_altar_island
D:2:      layout_rooms

Notes
Turn   | Place    | Note
-------+----------+-------------------------------------------
     0 | D:1      | ytrimaz the Demonspawn Gladiator began the quest for the
                  | Orb.
     0 | D:1      | Reached XP level 1. HP: 16/16 MP: 1/1
     0 | D:1      | magus.rc [v1.9.6]
   192 | D:1      | Reached skill level 3 in Axes
   192 | D:1      | Gained mutation: A weak demonic guardian rushes to your
                  | aid. [demonic ancestry]
   192 | D:1      | Reached XP level 2. HP: 23/23 MP: 2/2
   347 | D:1      | Found a faded altar of an unknown god.
   387 | D:1      | You pick up a book of Cantrips and begin reading...
   387 | D:1      | You add the spells Necrotise, Summon Small Mammal and
                  | Apportation to your library.
   992 | D:2      | Gained mutation: Your touch may inflict minor irresistible
                  | damage on your foes. [demonic ancestry]
   992 | D:2      | Reached XP level 3. HP: 25/28 MP: 1/3
  1045 | D:2      | Reached skill level 3 in Fighting
  1315 | D:2      | Gained mutation: You have a somewhat thin skeletal
                  | structure. (Dex +2, Stealth+) [demonic ancestry]
  1315 | D:2      | Reached XP level 4. HP: 35/35 MP: 1/4
  1315 | D:2      | Quit the game

Vanquished Creatures
  An adder (D:2)
  3 dart slugs (D:2)
  3 ball pythons
  3 endoplasms
  A giant cockroach (D:1)
  3 goblins
  3 hobgoblins
  4 jackals (D:2)
  7 kobolds
  4 quokkas
  3 bats (D:1)
  7 rats
42 creatures vanquished.

Vanquished Creatures (collateral kills)
  An adder (D:2)
1 creature vanquished.

Grand Total: 43 creatures vanquished

Table legend:
 A = Non-vault XP
 B = Vault XP
 C = Vault XP percentage of total XP
 D = Non-vault monster count
 E = Vault monster count
 F = Vault count percentage of total count
                 A         B        C        D         E       F
            +---------+---------+-------+---------+---------+-------
      Total |      99 |       0 |   0.0 |      43 |       0 |   0.0
            +---------+---------+-------+---------+---------+-------
        D:1 |      34 |       0 |   0.0 |      23 |       0 |   0.0
        D:2 |      65 |       0 |   0.0 |      20 |       0 |   0.0
            +---------+---------+-------+---------+---------+-------

Illustrated notes

Table legend:
 A = Kills in this place as a percentage of kills in entire the game.
 B = Kills by you in this place as a percentage of kills by you in the entire game.
 C = Kills by friends in this place as a percentage of kills by friends in the entire game.
 D = Other kills in this place as a percentage of other kills in the entire game.
 E = Experience gained in this place as a percentage of experience gained in the entire game.
 F = Experience gained in this place divided by the number of levels of this place that you have seen.
                   A       B       C       D       E      F
               +-------+-------+-------+-------+-------+----------------------
         Total | 100.0 | 100.0 | 100.0 |   N/A | 100.0 |  49.5
       Dungeon | 100.0 | 100.0 | 100.0 |   N/A | 100.0 |  49.5
               +-------+-------+-------+-------+-------+----------------------

Table legend: (Time is in decaauts)
 A = Elapsed time spent in this place.
 B = Non-inter-level travel time spent in this place.
 C = Inter-level travel time spent in this place.
 D = Time resting spent in this place.
 E = Time spent auto-exploring this place.
 F = Levels seen in this place.
 G = Mean time per level.
                   A        B        C        D        E       F      G
               +--------+--------+--------+--------+--------+-----+--------+
         Total |   1351 |   1313 |     38 |      0 |   1000 |   2 |  675.5 |
       Dungeon |   1351 |   1313 |     38 |      0 |   1000 |   2 |  675.5 |
               +--------+--------+--------+--------+--------+-----+--------+

Top non-repeatable levels by time:
     D:1: 945 daAuts
     D:2: 406 daAuts
